 Dungeon Crawl Stone Soup version 0.30.1-11-g7821555f0a (webtiles) character file.

Game seed: 6838772464004733772

435 Peloso the Covered (level 6, -4/55 HPs)
             Began as a Minotaur Fighter on Dec 9, 2023.
             Slain by Grinder (8 damage)
             ... on level 4 of the Dungeon.
             The game lasted 00:05:20 (3169 turns).

Peloso the Covered (Minotaur Fighter)               Turns: 3169, Time: 00:05:20

Health: -4/55      AC:  8    Str: 20    XL:     6   Next: 68%
Magic:  5/5        EV:  9    Int:  5    God:
Gold:   212        SH:  5    Dex: 12    Spells: 5/5 levels left

rFire   . . .        a - +0 long sword
rCold   . . .        c - +0 buckler
rNeg    . . .        b - +0 scale mail
rPois   +            (helmet restricted)
rElec   .            (no cloak)
rCorr   .            n - +0 pair of gloves
SInv    .            (no boots)
Will    .....        (no amulet) Stlth
                     h - ring of poison resistance
HPRegen 0.29/turn    (no ring)
MPRegen 0.09/turn

%: no passive effects
@: no status effects
A: horns 2, retaliatory headbutt
a: no special abilities


You were on level 4 of the Dungeon.
You visited 1 branch of the dungeon, and saw 4 of its levels.

You collected 212 gold pieces.

Inventory:

Hand Weapons
 a - a +0 long sword (weapon)
Missiles
 k - 2 throwing nets (quivered)
Armour
 b - a +0 scale mail (worn)
 c - a +0 buckler (worn)
 n - a +0 pair of gloves (worn)
Jewellery
 h - a ring of poison resistance (left hand)
Scrolls
 i - 2 scrolls of amnesia
 j - a scroll of fear {unknown}
 m - a scroll of silence {unknown}
 o - a scroll of poison {unknown}
Potions
 d - a potion of might
 g - a potion of cancellation
 l - a potion of resistance
 p - a potion of magic


   Skills:
 + Level 4.8 Fighting
 + Level 5.4 Long Blades
 + Level 5.6 Armour
 + Level 1.2 Dodging
 + Level 0.2 Stealth
 + Level 5.1 Shields


You had 5 spell levels left.
You didn't know any spells.
Your spell library contained the following spells:

 Spells                   Type           Power      Damage    Failure   Level
 Beastly Appendage        Tmut           0%         N/A       86%         1
 Wereblood                Tmut           0%         N/A       95%         2
 Spider Form              Tmut/Pois      0%         N/A       99%         3


Dungeon Overview and Level Annotations

Branches:
Dungeon (4/15)
 Temple: D:4-7

Altars:
Makhleb
Nemelex Xobeh

Annotations:
D:3 2 transporters, Martska's ghost, amateur OgGl
D:4 Grinder


Innate Abilities, Weirdness & Mutations

You have a pair of horns on your head.
You reflexively headbutt those who attack you in melee.


Message History

* * * LOW HITPOINT WARNING * * *
Unknown command.
You closely miss Grinder.
Grinder is moderately wounded.
Grinder hits you but does no damage.
You closely miss Grinder.
Grinder is moderately wounded.
You block Grinder's attack.
Unknown command.
You hit Grinder but do no damage.
Grinder is moderately wounded.
Grinder hits you but does no damage.
Grinder blinks!
Unknown command.
You aren't carrying any items that you can evoke.
Unknown command.
Okay, then.
As you read the scroll of identify, it crumbles to dust.
l - a potion of resistance
As you read the scroll of identify, it crumbles to dust.
p - a potion of magic
Okay, then.
As you read the scroll labelled AGOAFF ZUIVAPS, it crumbles to dust.
You hear a loud clanging noise!
It was a scroll of noise.
Unknown command.
You closely miss Grinder. You headbutt Grinder.
Grinder is heavily wounded.
Grinder hits you!
* * * LOW HITPOINT WARNING * * *
You writhe in agony.
* * * LOW HITPOINT WARNING * * *
You slash Grinder!
Grinder is severely wounded.
Grinder gestures at you. Pain shoots through your body!
* * * LOW HITPOINT WARNING * * *
You slash Grinder!
Grinder is almost dead.
Grinder hits you!
You die...

#..(................### #.
#......................##.
#...........>............. #
###....|....................
>#
##....................######.
..###....#................ ##
.......####............... #
......## #.......###.....
....### #...)5@## ... ###
#..## ##.....# . .... #...#
#.....# ....
##..########.....####... ##..
#...................... ###
#...................... #
##....................# #.
##....................# #..
##......#######........###
##...


You could see Grinder.

Vanquished Creatures
  Duvessa (D:4)
  2 scorpions (D:4)
  Dowan (D:4)
  An iguana (D:4)
  7 adders
  A worm (D:3)
  5 dart slugs
  3 orcs
  6 bats
  6 endoplasms
  4 giant cockroaches
  5 goblins
  6 hobgoblins
  4 jackals (D:2)
  2 quokkas
  4 ball pythons
  A frilled lizard (D:1)
  4 kobolds
  5 rats
68 creatures vanquished.

Notes
Turn   | Place    | Note
-------+----------+-------------------------------------------
     0 | D:1      | Peloso the Minotaur Fighter began the quest for the Orb.
     0 | D:1      | Reached XP level 1. HP: 19/19 MP: 0/0
    78 | D:1      | Reached XP level 2. HP: 22/27 MP: 1/1
   345 | D:1      | Reached XP level 3. HP: 31/33 MP: 2/2
  1255 | D:2      | Reached XP level 4. HP: 37/40 MP: 3/3
  1650 | D:3      | Found a burning altar of Makhleb.
  1774 | D:3      | Found a sparkling altar of Nemelex Xobeh.
  1836 | D:3      | Found a transporter.
  1843 | D:3      | Found a transporter.
  1845 | D:3      | Noticed Martska's ghost (amateur OgGl)
  2354 | D:4      | Noticed a scorpion
  2364 | D:4      | Killed a scorpion
  2365 | D:4      | Reached XP level 5. HP: 46/47 MP: 4/4
  2366 | D:4      | Noticed Duvessa
  2366 | D:4      | Noticed Dowan
  2402 | D:4      | Killed Duvessa
  2403 | D:4      | Reached skill level 5 in Armour
  2403 | D:4      | Reached skill level 1 in Dodging
  2403 | D:4      | Reached skill level 5 in Shields
  2403 | D:4      | Reached XP level 6. HP: 33/53 MP: 5/5
  2483 | D:4      | Killed Dowan
  2484 | D:4      | Reached skill level 5 in Long Blades
  3140 | D:4      | Noticed Grinder
  3155 | D:4      | Paralysed by Grinder for 4 turns
  3169 | D:4      | Slain by Grinder

Illustrated notes

Levels and vault maps discovered:
D:1:      minmay_arrival_solitary_statue, layout_loops_ring
D:2:      minmay_alternating_diamond, layout_loops_ring
D:3:      layout_loops_ring, nemelex_xobeh_ov_fountains_minmay,
          lightli_temple_of_fire, gammafunk_ghost_stat_death, dk_noncrumbling_2,
          nicolae_titane
D:4:      layout_layer_cave, mainiacjoe_overflow_alcove_2, uniq_grinder,
          uniq_duvessa

Skill      XL: |  1  2  3  4  5  6 |
---------------+-------------------+-----
Shields        | 4 5 |  5.1
Armour         | 4 5 |  5.6
Fighting       | 4 |  4.8
Long Blades    | 3 4 5 |  5.4
Dodging        | 1 |  1.2
Stealth        | |  0.2

Action                     |  1- 3 |  4- 6 || total
---------------------------+-------+-------++-------
  Melee: Long sword        |    80 |   103 ||   183
         Headbutt          |    10 |    28 ||    38
    Use: Scroll            |     3 |     5 ||     8
 Armour: Scale mail        |    49 |    35 ||    84
  Dodge: Dodged            |    35 |    34 ||    69
  Block: Buckler           |    17 |    23 ||    40
